 Dungeon Crawl Stone Soup version 0.20.1-1-g8b1a95d (webtiles) character file.

92 MagicOnly the Insei (level 4, -1/28 HPs)
             Began as an Octopode Transmuter on Dec 8, 2017.
             Slain by an orc priest
             ... wielding a +0 flail
              (7 damage)
             ... on level 3 of the Dungeon.
             The game lasted 00:04:57 (1717 turns).

MagicOnly the Insei (Octopode Transmuter)           Turns: 1717, Time: 00:04:58

Health: -1/28      AC:  1    Str:  9    XL:     4   Next: 60%
Magic:  7/7        EV: 13    Int: 16    God:
Gold:   124        SH:  0    Dex: 12    Spells: 6/7 levels left

rFire    . . .     SeeInvis .     - Unarmed
rCold    . . .     Gourm    +   (no shield)
rNeg     . . .     Faith    .   (helmet restricted)
rPois    .         Spirit   .   k - amulet of the gourmand
rElec    .         Reflect  .   (no ring)
rCorr    .         Harm     .   (no ring)
MR       .....                  (no ring)
Stlth    +++.......             (no ring)
Regen    0.1/turn               (no ring)
MPRegen  0.1/turn               (no ring)
                                (no ring)
                                (no ring)

@: appendage (expiring)
A: almost no armour, stealthy swim, amphibious, 8 rings, constrict 8, tentacle
spike 3, camouflage 1, gelatinous body 1
a: End Transformation


You were on level 3 of the Dungeon.
You were hungry.
One of your tentacles had a temporary spike.
You visited 1 branch of the dungeon, and saw 3 of its levels.

You collected 124 gold pieces.

Inventory:

Hand Weapons
 d - a +2 short sword of electrocution
Missiles
 a - 34 arrows
Jewellery
 e - an uncursed amulet of faith
 k - an amulet of the gourmand (around mantle)
Scrolls
 f - a scroll of teleportation
 p - a scroll of enchant armour {unknown}
Potions
 g - a potion of berserk rage {unknown}
 h - a potion of lignification {unknown}
 j - a potion of curing {unknown}
 m - a potion of mutation {unknown}
 n - a potion of might {unknown}
Books
 b - a book of Changes

   Spells                             Type                      Level
   a - Beastly Appendage              Transmutation                1
   b - Sticks to Snakes               Transmutation                2
   c - Spider Form                    Transmutation/Poison         3
   d - Ice Form                       Ice/Transmutation            4
   e - Blade Hands                    Transmutation                5
Comestibles
 c - 3 bread rations
 l - a royal jelly


   Skills:
 + Level 1.2 Fighting
 + Level 2.5 Dodging
 + Level 1.3 Stealth
 + Level 4.0 Unarmed Combat
 + Level 2.3 Spellcasting
 + Level 2.6 Transmutations


You had 6 spell levels left.
You knew the following spells:

 Your Spells              Type           Power        Failure   Level  Hunger
a - Beastly Appendage     Tmut           ##....       7%          1    #......


Dungeon Overview and Level Annotations

Branches:
Dungeon (3/15)

Altars:
Vehumet


Innate Abilities, Weirdness & Mutations

You cannot wear most types of armour.
You are very stealthy in the water. (Stealth+)
You are amphibious.
You can wear up to eight rings at the same time.
You can use your tentacles to constrict eight enemies at once.
Your skin changes colour to match your surroundings (Stealth+).
Your rubbery body absorbs attacks. (AC +1, EV +1)
One of your tentacles bears a large vicious spike.


Message History

You closely miss the leopard gecko. Your grab misses the leopard gecko.
You squeeze the leopard gecko.
You kill the leopard gecko!
You closely miss the orc priest. You grab the orc priest.
You constrict the orc priest. You tentacle-slap the orc priest.
You pierce the orc priest.
The orc priest is heavily wounded.
You constrict the orc priest. The orc priest hits you with a flail!
* * * LOW HITPOINT WARNING * * *
An orc comes into view. It is wielding a club.
You are too injured to fight recklessly!
You are too injured to fight recklessly!
You are too injured to fight recklessly!
You are too injured to fight recklessly!
You are too injured to fight recklessly!
You barely miss the orc priest.
You squeeze the orc priest, but do no damage.
The orc priest is severely wounded.
You constrict the orc priest. The orc priest hits you with a flail!
You die...

###..>..........+
.....)..........#
................#
............(...#
................#
........#########
........#
........######
........@o.?.#
.......###...#
#####o# ....# #.
.... #. ... ## ..
#


You could see an orc priest and an orc.

Vanquished Creatures
  Jessica (D:2)
  2 adders (D:2)
  An ooze (D:2)
  A dart slug (D:1)
  A leopard gecko (D:3)
  3 orcs (D:3)
  A giant cockroach (D:1)
  5 goblins
  7 hobgoblins
  2 jackals (D:1)
  3 kobolds (D:1)
  A ball python (D:2)
  5 bats
  3 rats
36 creatures vanquished.

Notes
Turn   | Place    | Note
-------+----------+-------------------------------------------
     0 | D:1      | MagicOnly the Octopode Transmuter began the quest for the Orb.
     0 | D:1      | Reached XP level 1. HP: 13/13 MP: 3/3
   198 | D:1      | Reached XP level 2. HP: 10/18 MP: 5/5
  1013 | D:1      | Reached XP level 3. HP: 23/23 MP: 4/6
  1257 | D:2      | Found a radiant altar of Vehumet.
  1359 | D:2      | Noticed Jessica
  1368 | D:2      | Killed Jessica
  1368 | D:2      | Reached skill level 1 in Stealth
  1368 | D:2      | Reached XP level 4. HP: 17/28 MP: 7/7
  1703 | D:3      | Reached skill level 4 in Unarmed Combat
  1717 | D:3      | Slain by an orc priest

Skill      XL: |  1  2  3  4 |
---------------+-------------+-----
Stealth        | 1 |  1.3
Unarmed Combat | 4 |  4.0
Fighting       | |  1.2
Dodging        | |  2.5
Spellcasting   | |  2.3
Transmutations | |  2.6

Action                   |  1- 3 |  4- 6 || total
-------------------------+-------+-------++-------
Melee: Unarmed           |    57 |    27 ||    84
       Constrict         |    15 |     8 ||    23
       Tentacles         |     6 |     4 ||    10
       Kick              |     8 |     1 ||     9
 Cast: Beastly Appendage |    16 |     4 ||    20
  Use: Scroll            |       |     3 ||     3
 Stab: Sleeping          |     4 |       ||     4
  Eat: Chunk             |       |     2 ||     2
Armor: Skin              |     7 |     1 ||     8
Dodge: Dodged            |    42 |    11 ||    53
